 Dungeon Crawl Stone Soup version 0.20-a0-507-gc86f373 (webtiles) character file.

8360 Klosterheim the Cleaver (level 11, -6/102 HPs)
             Began as a Pale Draconian Fighter on Jan 21, 2017.
             Was a High Priest of Okawaru.
             Mangled by Snorg (19 damage)
             ... on level 10 of the Dungeon.
             The game lasted 00:20:53 (11106 turns).

Klosterheim the Cleaver (Pale Draconian Fighter)   Turns: 11106, Time: 00:20:53

Health: -6/102     AC:  9    Str: 19    XL:     11   Next: 8%
Magic:  8/11       EV: 15    Int:  9    God:    Okawaru [*****.]
Gold:   438        SH: 11    Dex: 13    Spells: 10/10 levels left

rFire    . . .     SeeInvis .   a - +0 war axe
rCold    . . .     Gourm    .   (armour unavailable)
rNeg     . . .     Faith    .   b - +0 shield
rPois    +         Spirit   .   A - +0 hat
rElec    .         Reflect  .   y - +0 cloak {rPois}
rCorr    .         Harm     .   u - +0 pair of gloves
MR       .....                  (no boots)
Stlth    +++.......             (no amulet)
Regen    0.3/turn               (no ring)
                                (no ring)

@: heroism, very slightly contaminated, hasted, very quick
A: breathe steam, unfitting armour, cold-blooded, AC +7
a: Breathe Steam, Heroism, Finesse, Renounce Religion


You were on level 10 of the Dungeon.
You worshipped Okawaru.
Okawaru was extremely pleased with you.
You were not hungry.

You visited 1 branch of the dungeon, and saw 10 of its levels.

You collected 438 gold pieces.

Inventory:

Hand Weapons
 a - a +0 war axe (weapon)
 I - a +1 halberd of flaming
Armour
 b - a +0 shield (worn)
 u - a +0 pair of gloves (worn)
 y - a +0 cloak of poison resistance (worn)
 A - a +0 hat (worn)
Jewellery
 q - an uncursed ring of ice
Wands
 v - a wand of polymorph (4/24)
 G - a wand of flame (24/48)
Scrolls
 f - 3 scrolls of amnesia {unknown}
 i - 4 scrolls of remove curse
 k - 2 scrolls of recharging {unknown}
 l - 2 scrolls of blinking {unknown}
 n - a scroll of random uselessness {unknown}
 o - 4 scrolls of teleportation {unknown}
 p - 2 scrolls of noise {unknown}
 x - 3 scrolls of fog {unknown}
 z - 4 scrolls of identify
 C - a scroll of fear {unknown}
Potions
 c - a potion of beneficial mutation {unknown}
 h - 2 potions of brilliance
 j - a potion of ambrosia {unknown}
 m - 2 potions of curing
 r - a potion of flight {unknown}
 D - a potion of mutation {unknown}
 F - a potion of magic {unknown}
 H - 2 potions of cancellation {unknown}
Miscellaneous
 E - a phial of floods (inert)
Comestibles
 d - 10 bread rations
 g - 6 royal jellies
 s - 2 meat rations
 t - 7 fruits
 B - 4 chunks of flesh


   Skills:
 + Level 11.2(16.2) Fighting
 * Level 13.7(18.7) Axes
 - Level 2.6(7.6) Dodging
 - Level 3.0(8.0) Shields


You had 10 spell levels left.
You didn't know any spells.

Dungeon Overview and Level Annotations

Branches:
Dungeon (10/15)            Temple (0/1) D:5            Lair (0/6) D:9
    Orc: D:9-12

Altars:
Ashenzari
Cheibriados
Dithmenos
Fedhas
Nemelex Xobeh
Okawaru
Qazlal
Ru
Sif Muna
Vehumet
Xom

Annotations:
D:10 Snorg


Innate Abilities, Weirdness & Mutations

You can breathe blasts of scalding, opaque steam.
Your pale cyan-grey scales are hard. (AC +7)
You cannot fit into any form of body armour.
You are cold-blooded and may be slowed by cold attacks.


Message History

You gain the combat prowess of a mighty hero.
Snorg bites you! Snorg claws you but does no damage. You block Snorg's attack.
You hit Snorg.
Snorg is heavily wounded.
You block Snorg's attack. Snorg closely misses you. Snorg claws you!
You slash Snorg!
Snorg is heavily wounded.
You closely miss Snorg.
Snorg is heavily wounded.
Snorg bites you!!
* * * LOW HITPOINT WARNING * * *
Snorg claws you!
* * * LOW HITPOINT WARNING * * *
You block Snorg's attack.
Okay, then.
Snorg rages.
As you read the scroll labeled LETIYJ UQURPHIRA, it crumbles to dust.
You feel blessed for a moment.
It was a scroll of remove curse.
Snorg bites you!!
You die...

############ #..........#####
#....§§..[.....##
#...§§.≈§≈≈≈....########
#...§§§..≈≈§≈..........#
###...≈#§§§§≈≈..@###.###.#
.##...§§§§§§#≈..T# #.###.## ....#
....≈≈≈#§_§≈#≈..†# #.##...#.....#
.###≈≈≈≈≈>.≈#§...# #.##...#.....#
.# #...#≈≈≈≈≈....###.#....#.....#
.###...≈#≈§#≈§.§..##.....##.)...#
....§§...§≈≈≈)......<...........#
....§........)....##.#.........#
####.....................÷..##.#


You could see Snorg (berserk).

Vanquished Creatures
  A two-headed ogre (D:8)
  A centaur zombie (D:10)
  Joseph (D:8)
  Grinder (D:5)
  A hippogriff (D:9)
  A spriggan (D:10)
  A yak (D:10)
  2 hungry ghosts
  Grum (D:10)
  A water moccasin (D:8)
  2 hell hounds (D:8)
  6 sky beasts
  5 orc warriors
  An ice beast (D:7)
  A phantom (D:7)
  A necrophage (D:8)
  3 wolves (D:10)
  An eye of draining (D:10)
  4 ogres
  3 centaurs
  A big kobold (D:7)
  6 bullfrogs
  A hornet simulacrum (D:9)
  4 scorpions
  13 killer bees
  5 howler monkeys
  8 crimson imps
  3 bullfrog zombies (D:5)
  A jelly (D:8)
  7 orc priests
  4 hounds
  An iguana (D:7)
  10 orc wizards
  8 worker ants
  A howler monkey skeleton (D:6)
  4 gnolls
  12 adders
  A shadow imp (D:7)
  3 oozes
  2 adder skeletons
  3 worms
  A dart slug (D:5)
  4 leopard geckos
  34 orcs
  11 bats
  11 giant cockroaches
  7 hobgoblins
  8 jackals
  3 quokkas
  2 frilled lizards
  3 goblins
  17 kobolds
  2 quokka skeletons
  4 rats
243 creatures vanquished.

Vanquished Creatures (collateral kills)
  The ghost of Klosterheim the Cleaver, a novice DrFi of Makhleb (D:9)
1 creature vanquished.

Grand Total: 244 creatures vanquished

Notes
Turn   | Place    | Note
-------+----------+-------------------------------------------
     0 | D:1      | Klosterheim the Draconian Fighter began the quest for the Orb.
     0 | D:1      | Reached XP level 1. HP: 19/19 MP: 1/1
   173 | D:1      | Reached XP level 2. HP: 20/26 MP: 2/2
   265 | D:1      | Reached skill level 3 in Axes
   464 | D:1      | Reached XP level 3. HP: 33/33 MP: 3/3
  1597 | D:3      | Reached XP level 4. HP: 40/40 MP: 4/4
  1643 | D:3      | Found an iron altar of Okawaru.
  1668 | D:3      | Reached skill level 4 in Axes
  1686 | D:3      | Became a worshipper of Warmaster Okawaru
  1994 | D:3      | Found a blossoming altar of Fedhas.
  2000 | D:3      | Found an iron altar of Okawaru.
  2000 | D:3      | Found a snail-covered altar of Cheibriados.
  2005 | D:3      | Found a radiant altar of Vehumet.
  2304 | D:4      | Noticed an ogre
  2320 | D:4      | Killed an ogre
  2320 | D:4      | Reached skill level 5 in Axes
  2320 | D:4      | Reached XP level 5. HP: 19/47 MP: 5/5
  2648 | D:4      | Reached XP level 6. HP: 32/55 MP: 6/6
  2803 | D:4      | Reached skill level 5 in Fighting
  3246 | D:4      | Reached * piety under Okawaru
  3250 | D:4      | Reached skill level 6 in Axes
  3382 | D:5      | Entered Level 5 of the Dungeon
  3412 | D:5      | Your scales start taking on a pale cyan-grey colour.
  3412 | D:5      | Reached XP level 7. HP: 19/61 MP: 5/7
  3839 | D:5      | Reached skill level 7 in Axes
  4056 | D:5      | Reached ** piety under Okawaru
  4185 | D:5      | Noticed Grinder
  4211 | D:5      | Killed Grinder
  4211 | D:5      | Reached skill level 8 in Axes
  4211 | D:5      | Reached XP level 8. HP: 71/71 MP: 6/8
  4227 | D:5      | Found a staircase to the Ecumenical Temple.
  4318 | D:5      | Found a shimmering altar of Xom.
  5006 | D:6      | Reached *** piety under Okawaru
  5006 | D:6      | Reached skill level 9 in Axes
  5321 | D:6      | Found a shadowy altar of Dithmenos.
  5853 | D:7      | Reached XP level 9. HP: 59/81 MP: 9/9
  5871 | D:6      | Reached **** piety under Okawaru
  5871 | D:6      | Reached skill level 10 in Axes
  6420 | D:7      | Found a deep blue altar of Sif Muna.
  7151 | D:7      | Reached skill level 11 in Axes
  8030 | D:8      | Reached ***** piety under Okawaru
  8030 | D:8      | Reached XP level 10. HP: 88/92 MP: 10/10
  8115 | D:8      | Noticed Joseph
  8124 | D:8      | Killed Joseph
  8124 | D:8      | Reached skill level 12 in Axes
  8247 | D:8      | Found a sacrificial altar of Ru.
  8310 | D:8      | Noticed a two-headed ogre
  8316 | D:8      | Killed a two-headed ogre
  8316 | D:8      | Received a gift from Okawaru
  8316 | D:8      | Reached skill level 10 in Fighting
  8914 | D:9      | Noticed Klosterheim's ghost (novice DrFi)
  8943 | D:9      | Found a shattered altar of Ashenzari.
  9235 | D:9      | Found a staircase to the Lair.
  9272 | D:9      | Found a sparkling altar of Nemelex Xobeh.
  9914 | D:9      | Killed Klosterheim's ghost
  9914 | D:9      | Reached skill level 13 in Axes
 10512 | D:10     | Entered Level 10 of the Dungeon
 10731 | D:10     | Reached XP level 11. HP: 89/102 MP: 11/11
 10790 | D:10     | Found a stormy altar of Qazlal.
 10800 | D:10     | Noticed Grum
 10812 | D:10     | Killed Grum
 11054 | D:10     | Noticed Snorg
 11106 | D:10     | Mangled by Snorg

Vault maps used:
D:1:      evilmike_arrival_run_for_it, minivault_25, minmay_tromino_v7
D:3:      minitemple, okawaru_altar_gauntlet_db
D:4:      cheibrodos_quashed, minmay_misc_feat_tower
D:5:      first_bread, led_xom_imps, uniq_grinder
D:6:      basic_altar
D:7:      led_sif_pool
D:8:      basic_altar, uniq_joseph
D:9:      lemuel_crystal_altar, overflow_temple_1_default,
          minmay_lair_entry_lava
D:10:     minmay_blocky_corners, the_bakery, nicolae_qazlal_general_emergency,
          uniq_snorg, uniq_grum

Skill      XL: |  1  2  3  4  5  6  7  8  9 10 |
---------------+-------------------------------+-----
Axes           | 3 5 6 8 9 11 13 | 13.7
Fighting       | 4 5 6 8 9 11 | 11.2
Dodging        | |  2.6
Shields        | |  3.0

Action                   |  1- 3 |  4- 6 |  7- 9 | 10-12 || total
-------------------------+-------+-------+-------+-------++-------
Melee: War axe           |   142 |   143 |   294 |   252 ||   831
       Tailslap          |    23 |    13 |    47 |    30 ||   113
       Unarmed           |       |       |    12 |       ||    12
Invok: Heroism           |       |     1 |     3 |     7 ||    11
 Abil: Breathe Steam     |       |       |    22 |    15 ||    37
Evoke: Wand              |       |       |     5 |       ||     5
       Phial of floods   |       |       |       |     1 ||     1
  Use: Scroll            |       |     4 |       |     1 ||     5
       Potion            |       |     1 |     1 |     7 ||     9
 Stab: Sleeping          |       |     1 |       |       ||     1
       Confused          |       |       |     1 |       ||     1
  Eat: Chunk             |     1 |     7 |    20 |    12 ||    40
Armor: Skin              |    48 |    44 |    90 |    70 ||   252
Dodge: Dodged            |    66 |    81 |   122 |   101 ||   370
Block: Shield            |    83 |    84 |   126 |   111 ||   404
